[Event "Titled Tuesday Blitz January 03 Late 2023"]
[White "Manukian, Artak"]
[Black "Zeynalli, Rashad"]
[WhiteFideId "13301373"]
[BlackFideId "13403320"]
[WhiteElo "2196"]
[BlackElo "2200"]
[Result "0-1"]
[Round "09"]
[TimeControl "180+2"]
[Date "2023.01.03"]
[WhiteClock "0:01:18"]
[BlackClock "0:01:53"]

1. e4 c5 2. Nf3 d6 3. Bb5+ Bd7 4. Bxd7+ Qxd7 5. c4 Nc6 6. Nc3 g6 7. d4 cxd4 8. Nxd4 Bg7 9. Be3 Nf6 10. f3 O-O 11. Qd2 a6 12. a4 e6 13. O-O d5 14. Nxc6 bxc6 15. e5 Ne8 16. f4 Nc7 17. Ne4 Rfd8 18. Nd6 Ne8 19. c5 Nxd6 20. cxd6 f6 21. Bd4 c5 22. Bxc5 fxe5 23. fxe5 Bxe5 24. Rae1 Bxd6 25. Bd4 Rf8 26. Qh6 Rxf1+ 27. Rxf1 Rf8 28. Re1 e5 29. Bxe5 Qa7+ 30. Qe3 Bc5 0-1


[Site "https://www.chess.com"]

[Event "Titled Tuesday Blitz January 03 Late 2023"]
[White "Ansh M Shah"]
[Black "Goroshkov, Maksym"]
[WhiteFideId "25033379"]
[BlackFideId "14142716"]
[WhiteElo "2171"]
[BlackElo "2287"]
[Result "1-0"]
[Round "09"]
[TimeControl "180+2"]
[Date "2023.01.03"]
[WhiteClock "0:00:18"]
[BlackClock "0:01:21"]

1. d4 Nf6 2. c4 e5 3. dxe5 Ng4 4. Nf3 Nc6 5. Nc3 Ngxe5 6. e3 d6 7. Be2 Be6 8. b3 Be7 9. Bb2 Bf6 10. O-O O-O 11. Qc2 g6 12. Rad1 Bg7 13. Qb1 Qe7 14. Qa1 Rad8 15. Nd5 Bxd5 16. Rxd5 Nxf3+ 17. Bxf3 Bxb2 18. Qxb2 Ne5 19. Be2 Qf6 20. Qd2 Nc6 21. Rd1 Ne7 22. Rd4 Nf5 23. Rd3 b6 24. Bg4 Rfe8 25. Bxf5 Qxf5 26. Rd5 Qf6 27. Qd4 Qxd4 28. R1xd4 Re6 29. Rd2 Rde8 30. g3 Re5 31. h4 Rxd5 32. Rxd5 h5 33. Kg2 Kg7 34. Kf3 Kf6 35. Kf4 Re5 36. e4 Ke6 37. Rxe5+ dxe5+ 38. Kg5 Ke7 39. a3 a5 40. b4 c6 41. f4 axb4 42. axb4 exf4 43. gxf4 Ke6 44. f5+ gxf5 45. exf5+ Ke5 46. f6 c5 47. bxc5 bxc5 48. Kxh5 Kf5 49. Kh6 Kxf6 50. Kh7 Ke5 51. h5 f5 52. Kg6 f4 53. h6 f3 54. h7 f2 55. h8=Q+ Ke4 56. Qh1+ Kd4 57. Qf1 Ke3 58. Kf5 Kf3 59. Ke5 Ke3 60. Kd5 Kd2 61. Kxc5 Kc3 62. Qxf2 Kb3 63. Qd4 Ka4 64. Kd5 Ka5 65. Qc5+ Ka6 66. Qb5+ Ka7 67. Kc6 Ka8 68. Kc7 Ka7 69. Qb7# 1-0


[Site "https://www.chess.com"]

[Event "Titled Tuesday Blitz January 03 Late 2023"]
[White "Quinones Garcia, Santiago"]
[Black "De La Colina, Nicolas"]
[WhiteFideId "4408497"]
[BlackFideId "30946921"]
[WhiteElo "2248"]
[BlackElo "2244"]
[Result "0-1"]
[Round "09"]
[TimeControl "180+2"]
[Date "2023.01.03"]
[WhiteClock "0:00:02"]
[BlackClock "0:00:04"]

1. d4 Nf6 2. c4 e6 3. Nc3 Bb4 4. Qc2 c5 5. dxc5 Bxc5 6. Nf3 Be7 7. Bf4 d6 8. e3 a6 9. Bd3 Nbd7 10. O-O O-O 11. b4 b6 12. Bg3 Bb7 13. Nd2 Qc7 14. Nb3 Rac8 15. Rfc1 Rfd8 16. a4 Ne5 17. Bxe5 dxe5 18. Na2 e4 19. Be2 a5 20. bxa5 bxa5 21. Nd4 Qe5 22. Nc3 Bb4 23. Ncb5 h5 24. h3 h4 25. Qd1 g5 26. Rc2 Kg7 27. Rac1 Bc5 28. Qe1 Bb4 29. Qf1 Ba6 30. Nb3 Bxb5 31. axb5 Bd6 32. g3 hxg3 33. c5 gxf2+ 34. Qxf2 a4 35. Nd4 Bxc5 36. Nc6 Rxc6 37. bxc6 Bd6 38. c7 Rc8 39. Ba6 Rxc7 40. Rxc7 Bxc7 41. Bc4 Bb6 42. Rb1 Bc5 43. Rb7 a3 44. Kg2 Qd6 45. Qa2 Nd5 46. Bxd5 Qxd5 47. Qa1+ e5 48. Rb5 Qd2+ 49. Kh1 Qxe3 50. Qxe5+ Kg8 51. Qxc5 Qxh3+ 52. Kg1 Qg3+ 53. Kf1 Qf3+ 54. Ke1 Qh1+ 55. Kd2 Qg2+ 56. Kc3 Qf3+ 57. Kb4 a2 58. Rb8+ Kh7 59. Qxg5 a1=Q 60. Qg8+ Kh6 61. Rb6+ f6 62. Qh8+ Kg6 63. Qg8+ Kf5 64. Qh7+ Kf4 65. Qh4+ Ke3 66. Qh6+ Qf4 67. Qh3+ Qf3 68. Qh6+ Ke2 69. Rd6 Qac3+ 70. Kb5 Qb3+ 71. Kc6 Qc4+ 72. Kd7 Qb5+ 73. Ke7 Qb7+ 74. Rd7 Qa3+ 75. Ke8 Qaa8+ 76. Ke7 Qa3+ 77. Ke8 Qc8+ 78. Rd8 Qe6# 0-1


[Site "https://www.chess.com"]

[Event "Titled Tuesday Blitz January 03 Late 2023"]
[White "Strahov, Andrej"]
[Black "Golubev, Mikhail"]
[WhiteFideId "4165489"]
[BlackFideId "14100983"]
[WhiteElo "2398"]
[BlackElo "2461"]
[Result "1-0"]
[Round "09"]
[TimeControl "180+2"]
[Date "2023.01.03"]
[WhiteClock "0:00:05"]
[BlackClock "0:00:01"]

1. d4 Nf6 2. Nc3 d5 3. Bf4 c5 4. e3 cxd4 5. exd4 a6 6. Nf3 Bg4 7. h3 Bxf3 8. Qxf3 Nc6 9. O-O-O e6 10. g4 b5 11. g5 Nd7 12. Bg2 Be7 13. h4 Nb6 14. Kb1 b4 15. Ne2 a5 16. Nc1 a4 17. Qg3 Ra7 18. h5 Nc4 19. g6 fxg6 20. hxg6 h6 21. Bh3 Qd7 22. Rhe1 Nd8 23. Re2 O-O 24. Rde1 Rf6 25. Nd3 Ra6 26. Ne5 Nxe5 27. Bxe5 Rf8 28. f4 b3 29. cxb3 axb3 30. Qxb3 Qa7 31. f5 Rb6 32. Qc2 Nc6 33. f6 Ra8 34. b3 gxf6 35. Bf4 f5 36. Qb2 Ba3 37. Qc3 Bb4 38. Qa1 Ra6 39. Bxh6 Nxd4 40. Be3 Bc3 41. Qxc3 Rxa2 42. Bxd4 Qa3 43. Bh8 Ra1+ 44. Qxa1 Qxb3+ 45. Qb2 Qd3+ 46. Rc2 d4 47. Qxd4 Rb8+ 48. Kc1 Qa3+ 49. Kd1 1-0


[Site "https://www.chess.com"]

[Event "Titled Tuesday Blitz January 03 Late 2023"]
[White "Chor, Kevin"]
[Black "Pein, Jonathan"]
[WhiteFideId "2090740"]
[BlackFideId "417092"]
[WhiteElo "1944"]
[BlackElo "2265"]
[Result "0-1"]
[Round "09"]
[TimeControl "180+2"]
[Date "2023.01.03"]
[WhiteClock "0:00:04"]
[BlackClock "0:00:06"]

1. e4 d5 2. exd5 Qxd5 3. Nc3 Qe5+ 4. Be2 c6 5. Nf3 Qc7 6. d4 Bf5 7. O-O e6 8. Ne5 Nf6 9. g4 Bg6 10. h4 Nbd7 11. f4 Nxe5 12. dxe5 Ne4 13. f5 Nxc3 14. bxc3 Qxe5 15. Bf4 Qxc3 16. fxg6 hxg6 17. Rf3 Bc5+ 18. Kg2 Qd4 19. Qxd4 Bxd4 20. Rb1 O-O-O 21. Rd3 Bf6 22. Rdb3 e5 23. Rxb7 exf4 24. Ba6 Rd2+ 25. Kf3 Be5 26. Rxa7+ Kd8 27. Ra8+ Ke7 28. Rxh8 Rxc2 29. Rb7+ Kf6 30. g5+ Ke6 31. Re8+ Kd5 32. Rd7+ Bd6 33. Red8 Rc3+ 34. Kg4 Rg3# 0-1


[Site "https://www.chess.com"]

[Event "Titled Tuesday Blitz January 03 Late 2023"]
[White "Denishev, Marat"]
[Black "Kuegel, Tobias"]
[WhiteFideId "24131563"]
[BlackFideId "4636295"]
[WhiteElo "2255"]
[BlackElo "2332"]
[Result "1-0"]
[Round "09"]
[TimeControl "180+2"]
[Date "2023.01.03"]
[WhiteClock "0:00:32"]
[BlackClock "0:00:06"]

1. h4 e5 2. c4 Nc6 3. Nc3 Nf6 4. d3 d5 5. cxd5 Nxd5 6. Nf3 f6 7. h5 Be6 8. h6 g6 9. Bd2 Qd7 10. Qa4 Nd4 11. Qxd7+ Kxd7 12. Nxd4 exd4 13. Nxd5 Bxd5 14. Rh4 c5 15. e4 Be6 16. g3 g5 17. Rh1 Rg8 18. f4 Bd6 19. e5 fxe5 20. fxg5 Bf5 21. O-O-O Rae8 22. Re1 e4 23. dxe4 Bxe4 24. Bh3+ Kc7 25. Rhf1 Bxg3 26. Rf7+ Kb6 27. Bd7 Bxe1 28. Bxe1 Bg6 29. Rf6+ Kc7 30. Bxe8 Rxe8 31. Bg3+ Kc8 32. Kd2 a6 33. Bd6 b6 34. a4 Kd7 35. a5 bxa5 36. Bxc5 Re6 37. Rf8 Kc6 38. Bxd4 Kd5 39. Bf6 Kc4 40. Rc8+ Kb3 41. Rg8 Rd6+ 42. Ke3 Rd7 43. Rxg6 hxg6 44. Bg7 Rd8 45. h7 Re8+ 46. Kf4 a4 47. h8=Q Rxh8 48. Bxh8 a3 49. bxa3 Kxa3 50. Ke5 Kb4 51. Kf6 Kc5 52. Kxg6 1-0


[Site "https://www.chess.com"]

[Event "Titled Tuesday Blitz January 03 Late 2023"]
[White "Kaplan, Avi Harrison"]
[Black "Ehlvest, Jaan"]
[WhiteFideId "30934559"]
[BlackFideId "4500016"]
[WhiteElo "2146"]
[BlackElo "2530"]
[Result "0-1"]
[Round "09"]
[TimeControl "180+2"]
[Date "2023.01.03"]
[WhiteClock "0:00:03"]
[BlackClock "0:00:02"]

1. d4 Nf6 2. c4 e6 3. Nc3 d5 4. cxd5 exd5 5. Bg5 Be7 6. e3 c6 7. Bd3 O-O 8. Nge2 Re8 9. Qc2 g6 10. O-O a5 11. Rad1 Na6 12. a3 Nc7 13. f3 Ne6 14. Bh4 b5 15. Bf2 Ba6 16. Kh1 b4 17. Na4 Bxd3 18. Rxd3 Rc8 19. e4 dxe4 20. fxe4 Nxe4 21. Bg1 Bf8 22. Nc5 N6xc5 23. dxc5 Qe7 24. Rdf3 f5 25. Nd4 Bg7 26. axb4 axb4 27. Qb3+ Qf7 28. Qxb4 Rb8 29. Qa3 Nd2 30. Nxc6 Ra8 31. Qb4 Nxf3 32. Rxf3 Ra1 33. Ra3 Rb1 34. Nd4 Ree1 35. Nf3 Rec1 36. Ra8+ Bf8 37. h3 Qd5 38. c6 Qc5 39. Qb3+ Qc4 40. Qb8 Qc5 41. Qb3+ Kg7 42. Qb7+ Kh6 43. Qa7 Rxg1+ 44. Nxg1 Rxg1+ 45. Kh2 Bd6+ 46. g3 Qxa7 47. Rxa7 Rb1 48. c7 Rxb2+ 49. Kh1 Rc2 50. Ra6 Bxc7 51. g4 f4 52. h4 f3 53. Kg1 Rg2+ 54. Kf1 Rxg4 55. Kf2 Rxh4 56. Kxf3 Be5 57. Kg2 Rc4 58. Kh1 Rc2 59. Kg1 Bf4 60. Kh1 Kh5 61. Ra4 g5 62. Ra3 h6 63. Kg1 Kg4 64. Kh1 Bg3 65. Kg1 Kh3 66. Ra1 Rh2 67. Ra2 Rxa2 68. Kf1 Ra1+ 69. Ke2 Re1+ 70. Kf3 g4# 0-1


[Site "https://www.chess.com"]

[Event "Titled Tuesday Blitz January 03 Late 2023"]
[White "Moreno Perez, Tobias Sebastian"]
[Black "Rodriguez Fontecha, Marcos"]
[WhiteFideId "186716"]
[BlackFideId "2256576"]
[WhiteElo "2256"]
[BlackElo "2309"]
[Result "0-1"]
[Round "09"]
[TimeControl "180+2"]
[Date "2023.01.03"]
[WhiteClock "0:00:38"]
[BlackClock "0:00:49"]

1. d4 d5 2. Bf4 Nf6 3. e3 c5 4. c3 Qb6 5. Qb3 Nc6 6. Nd2 c4 7. Qc2 g6 8. Ngf3 Bf5 9. Qc1 Bg7 10. b3 cxb3 11. axb3 O-O 12. h3 Ne4 13. Nxe4 Bxe4 14. Nd2 Bf5 15. Be2 e5 16. Bg3 exd4 17. cxd4 Nb4 18. O-O Rac8 19. Qa3 Rc2 20. Rfd1 a6 21. Bf1 Rfc8 22. Nf3 Bf8 23. Qa4 R2c3 24. Ne5 Nc2 25. Rac1 Qxb3 26. Qa5 Nxe3 27. Rxc3 Rxc3 28. fxe3 Rxe3 29. Bf2 Rxe5 30. dxe5 Qxd1 31. Qd8 Bd3 32. Bc5 Qxf1+ 33. Kh2 Qf4+ 34. Kg1 Qh6 35. Be7 Qe3+ 36. Kh1 Qe1+ 37. Kh2 Qxe5+ 38. Kg1 Qxe7 0-1


[Site "https://www.chess.com"]

[Event "Titled Tuesday Blitz January 03 Late 2023"]
[White "Vovk, Orest"]
[Black "Leenhouts, Koen"]
[WhiteFideId "14113490"]
[BlackFideId "1008439"]
[WhiteElo "2315"]
[BlackElo "2447"]
[Result "1/2-1/2"]
[Round "09"]
[TimeControl "180+2"]
[Date "2023.01.03"]
[WhiteClock "0:00:05"]
[BlackClock "0:00:16"]

1. h4 e5 2. h5 Nc6 3. d3 h6 4. Nc3 d5 5. e4 Nf6 6. Nxd5 Nxd5 7. exd5 Qxd5 8. Be3 Be6 9. c3 O-O-O 10. Qa4 Bc5 11. O-O-O Bxe3+ 12. fxe3 Qxa2 13. Qxa2 Bxa2 14. Kc2 Be6 15. Rh4 f6 16. g3 Rd7 17. Bh3 Bxh3 18. Nxh3 Rhd8 19. Nf2 Ne7 20. e4 c5 21. b3 Kc7 22. Ng4 b5 23. Ne3 Kc6 24. Rg4 Kb6 25. Rxg7 a5 26. Rf7 Ng8 27. Nd5+ Kc6 28. Rxd7 Rxd7 29. c4 Rg7 30. Rf1 Rxg3 31. cxb5+ Kxb5 32. Nxf6 Ne7 33. Kc3 Rh3 34. Nd7 Nc6 35. Rf5 Rh2 36. Rf6 Rxh5 37. Nf8 Rh1 38. Ne6 h5 39. Nc7+ Kb6 40. Nd5+ Kb7 41. Rh6 Nd4 42. Kd2 Rh2+ 43. Ke1 Nxb3 44. Kf1 Nd4 45. Rh7+ Kc6 46. Rh6+ Kb5 47. Rb6+ Ka4 48. Nc3+ Ka3 49. Nb1+ Ka2 50. Nc3+ Ka3 51. Nb1+ Ka4 52. Nc3+ Ka3 1/2-1/2


[Site "https://www.chess.com"]

[Event "Titled Tuesday Blitz January 03 Late 2023"]
[White "Donskov, Anatoly"]
[Black "Janaszak, Dawid"]
[WhiteFideId "24143413"]
[BlackFideId "1119206"]
[WhiteElo "2279"]
[BlackElo "2316"]
[Result "1-0"]
[Round "09"]
[TimeControl "180+2"]
[Date "2023.01.03"]
[WhiteClock "0:00:12"]
[BlackClock "0:00:09"]

1. e4 c5 2. Nf3 e6 3. d4 cxd4 4. Nxd4 a6 5. c3 b5 6. Bd3 Bb7 7. O-O Nc6 8. Re1 Qc7 9. Bf1 Bd6 10. h3 Nf6 11. Nd2 O-O 12. N2f3 Ne5 13. Nxe5 Bxe5 14. Bd3 d5 15. exd5 Bxd5 16. Bg5 h6 17. Be3 Rad8 18. Qe2 Bh2+ 19. Kh1 Bf4 20. a3 Rfe8 21. Rad1 Bg5 22. Bb1 Qb7 23. f3 Nh5 24. Qf2 Qe7 25. Bxg5 Qxg5 26. Kh2 Qf4+ 27. g3 Qc7 28. f4 g6 29. Qe2 Kg7 30. Qe5+ Qxe5 31. Rxe5 Nf6 32. Rde1 Nd7 33. R5e3 Nb6 34. Bd3 Bc4 35. Be4 Nd5 36. Bxd5 Bxd5 37. g4 h5 38. Kg3 hxg4 39. hxg4 g5 40. f5 Kf6 41. fxe6 fxe6 42. Nf3 Bxf3 43. Rxf3+ Ke7 44. Rfe3 Rd6 45. R1e2 Rh8 46. Re5 Kf6 47. R5e3 Rh1 48. Kg2 Rhd1 49. Rf3+ Ke7 50. Ref2 R6d2 51. Rxd2 Rxd2+ 52. Rf2 Rd3 53. Rf3 Rd1 54. Rf2 Kd6 55. Kf3 Kc5 56. Ke4 Kc4 57. Ke5 Rg1 58. Kxe6 Rxg4 59. Rd2 Rg1 60. Kd6 g4 61. Kc6 g3 62. Kb6 g2 63. Kxa6 Kc5 64. Ka5 Kc4 65. Rf2 Kb3 66. Kxb5 Ka2 67. a4 Kb3 68. a5 Rf1 69. Rxg2 Rf5+ 70. Kb6 Rf6+ 71. Kb7 Rf7+ 72. Kc6 Rf6+ 73. Kd5 Ka4 74. b4 Rf5+ 75. Kc4 Rf4+ 76. Kd3 Kb5 77. Rg5+ Ka6 78. Rc5 Rf3+ 79. Kc2 Rh3 80. Kb3 Rh4 81. Rc4 Rh8 82. Rd4 Kb5 83. Rd5+ Kc6 84. c4 Rh1 85. b5+ Kc7 86. Rg5 1-0


[Site "https://www.chess.com"]

[Event "Titled Tuesday Blitz January 03 Late 2023"]
[White "Altman, Joshua"]
[Black "Della Corte, Alessandro"]
[WhiteFideId "426210"]
[BlackFideId "813540"]
[WhiteElo "2120"]
[BlackElo "2160"]
[Result "1-0"]
[Round "09"]
[TimeControl "180+2"]
[Date "2023.01.03"]
[WhiteClock "0:01:24"]
[BlackClock "0:01:12"]

1. d4 Nf6 2. c4 g6 3. Nc3 Bg7 4. Nf3 d6 5. Bg5 O-O 6. e3 Nc6 7. Be2 a6 8. O-O Bd7 9. a3 Qe8 10. Qc2 e5 11. Nd5 Nxd5 12. cxd5 Na7 13. Qxc7 exd4 14. Qxd6 dxe3 15. Bxe3 Nb5 16. Qb4 a5 17. Qd2 Nd6 18. Rfe1 Qe4 19. Bc5 Nc4 20. Bxc4 Qxc4 21. Bxf8 Rxf8 22. Ne5 Qc7 23. Rac1 Qd6 24. Nxd7 Qxd7 25. Qxa5 Qxd5 26. Qxd5 1-0


[Site "https://www.chess.com"]

[Event "Titled Tuesday Blitz January 03 Late 2023"]
[White "Urbina Perez, Juan Antonio"]
[Black "Mei, Austin"]
[WhiteFideId "2217368"]
[BlackFideId "30948479"]
[WhiteElo "2266"]
[BlackElo "2218"]
[Result "0-1"]
[Round "09"]
[TimeControl "180+2"]
[Date "2023.01.03"]
[WhiteClock "0:01:32"]
[BlackClock "0:00:37"]

1. d4 Nf6 2. c4 g6 3. Nf3 Bg7 4. e3 O-O 5. Be2 d6 6. O-O Nbd7 7. Nc3 e5 8. b4 e4 9. Nd2 Re8 10. Qc2 Qe7 11. a4 Nf8 12. Ba3 h5 13. b5 Bf5 14. Rfd1 h4 15. h3 Ne6 16. Bf1 Ng5 17. Ne2 Nh5 18. c5 Nf3+ 19. Kh1 dxc5 20. Bxc5 Qd7 21. Nf4 Nxf4 22. exf4 e3 23. Bd3 Bxd3 24. Qxd3 Nxd2 25. fxe3 Ne4 26. Ba3 Nf2+ 0-1


[Site "https://www.chess.com"]

[Event "Titled Tuesday Blitz January 03 Late 2023"]
[White "Andrews, Todd"]
[Black "Andreev, Eduard"]
[WhiteFideId "2012456"]
[BlackFideId "14103400"]
[WhiteElo "2220"]
[BlackElo "2413"]
[Result "0-1"]
[Round "09"]
[TimeControl "180+2"]
[Date "2023.01.03"]
[WhiteClock "0:00:30"]
[BlackClock "0:02:29"]

1. e4 c6 2. d4 d5 3. Nc3 dxe4 4. Nxe4 Nf6 5. Nxf6+ exf6 6. c3 Bd6 7. Bd3 O-O 8. Qc2 Re8+ 9. Ne2 h5 10. Be3 Nd7 11. O-O-O Nf8 12. Kb1 Be6 13. Nf4 Bxf4 14. Bxf4 b5 15. Bc1 a5 16. Rhe1 a4 17. Re3 Qd5 18. c4 bxc4 19. Be4 Qb5 20. a3 Ng6 21. Qe2 Nf4 22. Qf3 Nd3 23. Bxc6 Qb3 24. d5 Bg4 25. Rxe8+ Rxe8 0-1


[Site "https://www.chess.com"]

[Event "Titled Tuesday Blitz January 03 Late 2023"]
[White "Winterberg, Lukas"]
[Black "Chernov, Mikhail"]
[WhiteFideId "24622702"]
[BlackFideId "24143170"]
[WhiteElo "2402"]
[BlackElo "2205"]
[Result "0-1"]
[Round "09"]
[TimeControl "180+2"]
[Date "2023.01.03"]
[WhiteClock "0:00:01"]
[BlackClock "0:00:05"]

1. d4 d5 2. Bf4 Nf6 3. Nf3 c5 4. e3 Nc6 5. Nbd2 Bg4 6. h3 Bh5 7. c3 a6 8. dxc5 e5 9. Bg5 e4 10. g4 Bg6 11. Nd4 Bxc5 12. h4 h6 13. Bf4 Qd7 14. Bh3 Qe7 15. Qa4 Bxd4 16. cxd4 b5 17. Qb3 Nb4 18. O-O O-O 19. Rac1 Nd3 20. Rc7 Qd8 21. Bg3 Rc8 22. Rc3 Qd7 23. f3 Rxc3 24. bxc3 exf3 25. Nxf3 Nxg4 26. Nh2 h5 27. Qd1 Qe7 28. Nxg4 hxg4 29. Qxg4 Qxe3+ 30. Kh2 Be4 31. Rg1 Nf2 32. Bxf2 Qxf2+ 33. Bg2 Re8 34. Qg3 Qxg3+ 35. Kxg3 Bxg2 36. Kxg2 Re2+ 37. Kf3 Rxa2 38. Rg5 Ra3 39. Rxd5 Rxc3+ 40. Kf4 Kf8 41. Rd7 b4 42. Rb7 a5 43. d5 Ke8 44. d6 b3 45. Ke5 a4 46. Kd5 Rc2 0-1


[Site "https://www.chess.com"]

[Event "Titled Tuesday Blitz January 03 Late 2023"]
[White "Novikova, Galina"]
[Black "Goncalves, Davi Sulzbacher"]
[WhiteFideId "4157095"]
[BlackFideId "2154510"]
[WhiteElo "2073"]
[BlackElo "2282"]
[Result "0-1"]
[Round "09"]
[TimeControl "180+2"]
[Date "2023.01.03"]
[WhiteClock "0:00:07"]
[BlackClock "0:00:06"]

1. e4 c5 2. Nf3 d6 3. d4 cxd4 4. Nxd4 Nf6 5. Nc3 a6 6. h3 e5 7. Nde2 h5 8. g3 Be6 9. Bg2 Nbd7 10. Be3 Rc8 11. O-O Be7 12. Nd5 Nxd5 13. exd5 Bf5 14. c3 Nf6 15. f4 e4 16. b3 Qd7 17. Kh2 h4 18. g4 Bxg4 19. c4 Bf5 20. Nd4 g6 21. Qe2 Kf8 22. Rae1 Kg7 23. Rg1 Kf8 24. Ref1 Nh5 25. Re1 Bf6 26. Qd2 Qd8 27. Nxf5 gxf5 28. Bd4 Bxd4 29. Qxd4 Qf6 30. Qb6 Nxf4 31. Qxb7 Re8 32. Qxa6 Qe5 33. Kh1 Nd3 34. Ref1 f4 35. c5 f3 36. Qxd6+ Qxd6 37. cxd6 fxg2+ 38. Rxg2 Rd8 39. Re2 Rxd6 40. Rxe4 Rxd5 41. Rf3 Nc5 42. Ref4 Rd7 43. b4 Ne6 44. Rf6 Ke8 45. b5 Rh5 46. a4 Rc5 47. Kg2 Rc2+ 48. Rf2 Rdd2 49. Rxd2 Rxd2+ 50. Kf3 Rd4 51. a5 Rb4 52. b6 Ke7 53. Rh6 Kd6 54. Rh8 Kc6 55. Ra8 Kb7 56. Ra7+ Kc6 57. Rxf7 Ng5+ 58. Ke3 Nxf7 59. Kd3 Nd6 60. Kc3 Ra4 61. b7 Nxb7 62. Kb3 Rxa5 63. Kb4 Rf5 64. Kc3 Rf3+ 65. Kd4 Rxh3 0-1


[Site "https://www.chess.com"]

[Event "Titled Tuesday Blitz January 03 Late 2023"]
[White "aidenzhouu"]
[Black "Martinez, Marcel"]
[BlackFideId "2016249"]
[WhiteElo "2395"]
[BlackElo "2402"]
[Result "0-1"]
[Round "09"]
[TimeControl "180+2"]
[Date "2023.01.03"]
[WhiteClock "0:00:06"]
[BlackClock "0:00:13"]

1. d4 Nf6 2. c4 c5 3. d5 b5 4. cxb5 a6 5. bxa6 g6 6. Nc3 Bxa6 7. e4 Bxf1 8. Kxf1 d6 9. g3 Bg7 10. Nf3 O-O 11. Kg2 Qa5 12. Bd2 Nbd7 13. a4 Qa6 14. Qc2 Ng4 15. Nb5 Rab8 16. Bc3 Nde5 17. Nxe5 Nxe5 18. b3 f5 19. Nc7 Qb7 20. Ne6 fxe4 21. Nxf8 Qxd5 22. Rad1 Nd3 23. Bxg7 Kxg7 24. Nd7 Rxb3 25. a5 e3+ 26. f3 c4 27. Nb6 Qd4 28. Nxc4 Rc3 29. Qe2 Qxc4 30. Qxe3 e5 31. Rd2 Nf4+ 32. Qxf4 exf4 33. Re1 Rc2 34. Ree2 Rxd2 35. Rxd2 fxg3 36. hxg3 Qb4 37. Rd1 Qb2+ 38. Kh3 Qa3 39. Rd5 Qxf3 40. Rxd6 h5 41. Rd7+ Kh6 42. Rd5 Qh1# 0-1


[Site "https://www.chess.com"]

[Event "Titled Tuesday Blitz January 03 Late 2023"]
[White "Melikhov, Evgeny V."]
[Black "Fernandez Garcia, Gumersindo"]
[WhiteFideId "4122046"]
[BlackFideId "24516740"]
[WhiteElo "2269"]
[BlackElo "2160"]
[Result "1-0"]
[Round "09"]
[TimeControl "180+2"]
[Date "2023.01.03"]
[WhiteClock "0:00:59"]
[BlackClock "0:00:19"]

1. d4 Nf6 2. c4 e6 3. Nc3 b6 4. e4 d6 5. Nf3 Bb7 6. Bd3 Be7 7. e5 dxe5 8. dxe5 Nfd7 9. Qe2 Nc5 10. Bc2 a5 11. O-O Nba6 12. a3 O-O 13. Rd1 Qc8 14. Bg5 Bxg5 15. Bxh7+ Kxh7 16. Nxg5+ Kg6 17. Qg4 f5 18. exf6 Rxf6 19. Nge4+ Kf7 20. Nxf6 gxf6 21. Qh5+ Kf8 22. Rd4 Qe8 23. Qh6+ Ke7 24. Rg4 Qh8 25. Rg7+ Kd6 26. Rd1+ Kc6 27. Nb5 Qxh6 28. Rxc7+ Nxc7 29. Rd6# 1-0


[Site "https://www.chess.com"]

[Event "Titled Tuesday Blitz January 03 Late 2023"]
[White "Torres Dominguez, David"]
[Black "Jovic, Stanoje"]
[WhiteFideId "2220857"]
[BlackFideId "905020"]
[WhiteElo "1994"]
[BlackElo "2075"]
[Result "1-0"]
[Round "09"]
[TimeControl "180+2"]
[Date "2023.01.03"]
[WhiteClock "0:00:03"]
[BlackClock "0:00:04"]

1. e4 c6 2. Nf3 d5 3. d3 dxe4 4. dxe4 Qxd1+ 5. Kxd1 Bg4 6. Be2 Bxf3 7. Bxf3 h5 8. Be3 g6 9. Ke2 Nd7 10. Nd2 Bh6 11. Rhd1 Bxe3 12. Kxe3 Ne5 13. h4 e6 14. g3 Nf6 15. Be2 Ke7 16. f3 Rhd8 17. Nc4 Nxc4+ 18. Bxc4 Rxd1 19. Rxd1 Rd8 20. Rxd8 Kxd8 21. e5 Nd7 22. f4 Kc7 23. Be2 f5 24. exf6 Nxf6 25. Bd3 Kd6 26. Bxg6 e5 27. fxe5+ Kxe5 28. c3 c5 29. Kf3 a5 30. Ke3 b5 31. a3 b4 32. cxb4 cxb4 33. axb4 axb4 34. Bf7 Ne4 35. Bxh5 Nxg3 36. Bg6 Nf1+ 37. Ke2 Nh2 38. h5 Ng4 39. Kd3 Kd5 40. Bf7+ Kc5 41. Ke4 Kd6 42. Kd4 Ne5 43. Bg6 Ke6 44. Be4 Kf6 45. Kc5 Kg5 46. Bg6 Ng4 47. Kxb4 Ne3 48. Kc5 Nf1 49. b4 Nd2 50. b5 Nb3+ 51. Kc4 Na5+ 52. Kb4 Nb7 53. b6 Nd6 54. Kc5 Nb7+ 55. Kc6 Na5+ 56. Kc7 Kh6 57. Be8 Kg5 58. Kd7 1-0


[Site "https://www.chess.com"]

[Event "Titled Tuesday Blitz January 03 Late 2023"]
[White "Rian, Kapriaga"]
[Black "Martinez Ramirez, Lennis"]
[WhiteFideId "7103263"]
[BlackFideId "3509079"]
[WhiteElo "2089"]
[BlackElo "2426"]
[Result "1-0"]
[Round "09"]
[TimeControl "180+2"]
[Date "2023.01.03"]
[WhiteClock "0:00:32"]
[BlackClock "0:02:00"]

1. d4 d5 2. Nf3 e6 3. Bf4 Nf6 4. e3 Be7 5. Nbd2 O-O 6. Bd3 b6 7. Ne5 Bb7 8. Qf3 Nbd7 9. Qh3 Ne4 10. f3 Nef6 11. g4 g6 12. Bh6 Nxe5 13. dxe5 Nd7 14. f4 Bh4+ 15. Ke2 Be7 16. Rhg1 Re8 17. Nf3 c5 18. c3 d4 19. exd4 Bxf3+ 20. Qxf3 cxd4 21. cxd4 b5 22. f5 Bg5 23. Bxg5 Qxg5 24. Raf1 Rf8 25. h4 Qxh4 26. Rh1 Qg5 27. Qh3 h6 28. Qxh6 Qxh6 29. Rxh6 Kg7 30. Rfh1 Rg8 31. fxe6 Nf8 32. e7 a6 33. exf8=Q+ Kxf8 34. Rh8 Ke7 35. Rxg8 Rxg8 36. Rh7 Rd8 37. Ke3 Ke6 38. Bc2 Rf8 39. Bb3+ Ke7 40. Rxf7+ Rxf7 41. Bxf7 Kxf7 42. g5 b4 43. d5 Ke7 44. Kd4 b3 45. axb3 Kd7 46. Kc5 Kc7 47. d6+ Kd7 48. Kd5 a5 49. e6+ Kd8 50. e7+ Kd7 51. Ke5 a4 52. bxa4 Ke8 53. Kf6 Kd7 54. Kxg6 Kxd6 55. e8=Q Kc5 56. Qb5+ Kd6 57. a5 Ke7 58. a6 Kd6 59. a7 1-0


[Site "https://www.chess.com"]

[Event "Titled Tuesday Blitz January 03 Late 2023"]
[White "Suvorov, Luca"]
[Black "Egorov, Evgeny"]
[WhiteFideId "12977071"]
[BlackFideId "13700421"]
[WhiteElo "2310"]
[BlackElo "2294"]
[Result "1-0"]
[Round "09"]
[TimeControl "180+2"]
[Date "2023.01.03"]
[WhiteClock "0:00:06"]
[BlackClock "0:00:01"]

1. d4 d5 2. c4 Nc6 3. Nc3 dxc4 4. d5 Na5 5. e4 c6 6. Nf3 Bg4 7. h3 Bxf3 8. Qxf3 Nf6 9. Bg5 h6 10. Bh4 Qb6 11. O-O-O g5 12. Bg3 Bg7 13. d6 exd6 14. Bxd6 O-O-O 15. e5 Nd7 16. Qf5 Rhe8 17. Be2 Bxe5 18. Bg4 h5 19. Bxe5 hxg4 20. Bf6 gxh3 21. Bxd8 Rxd8 22. Rxh3 Qc7 23. Rh7 b5 24. Rxf7 Nb7 25. Ne4 g4 26. Kb1 b4 27. Nf6 Nc5 28. Nxd7 Nxd7 29. Qxg4 c3 30. Qxb4 Qe5 31. Qf4 Qb5 32. b3 Qe2 33. Qc1 Nc5 34. Rxd8+ Kxd8 35. Rf3 Ne4 36. Re3 Nd2+ 37. Ka1 Qxf2 38. Rxc3 Ne4 39. Rc2 1-0


[Site "https://www.chess.com"]

[Event "Titled Tuesday Blitz January 03 Late 2023"]
[White "Gurevich, Dmitry"]
[Black "Seletsky, Grigory"]
[WhiteFideId "2000407"]
[BlackFideId "14112191"]
[WhiteElo "2393"]
[BlackElo "2259"]
[Result "1-0"]
[Round "09"]
[TimeControl "180+2"]
[Date "2023.01.03"]
[WhiteClock "0:00:19"]
[BlackClock "0:00:02"]

1. d4 d6 2. Nf3 Nf6 3. c4 g6 4. Nc3 Bg7 5. e4 O-O 6. Be2 Bg4 7. Be3 Nfd7 8. Rc1 Nc6 9. d5 Bxf3 10. Bxf3 Nce5 11. Be2 Nb6 12. b3 c5 13. O-O Ned7 14. a4 Nc8 15. Bd3 Nb8 16. f4 Na6 17. Bb1 Nb4 18. e5 Nb6 19. e6 fxe6 20. dxe6 Nc6 21. f5 gxf5 22. Bxf5 Qe8 23. Ne4 Rxf5 24. Rxf5 Qg6 25. Qf3 Ne5 26. Qh3 Rf8 27. Rcf1 Rxf5 28. Qxf5 Qxf5 29. Rxf5 Ng4 30. Bg5 Bd4+ 31. Kf1 h6 32. Bd2 Nxh2+ 33. Ke2 Ng4 34. Nxd6 Nf6 35. Nxb7 Nc8 36. Nd8 Nd6 37. Rf3 Nde4 38. Nc6 Ng5 39. Nxe7+ Kh7 40. Rf1 Nxe6 41. Nd5 1-0


[Site "https://www.chess.com"]